[ AOE2 MATCH · #506384730 ]
UnrankedMongols vs Malians
Player's team · LOSS
Rival team · WIN
[ REPLAY ANALYSIS · EXTRACTED FROM THE RECORDED GAME ]
Feudal
13:39
Castle
—
Imperial
—
| APM avg | 59.2 |
| APM peak | 96 |
| eAPM avg | 22.7 |
| Villagers / military | 50 / 10 |
Focus
⚔️ 31.0% · 🌾 69.0%
Archer ×10
Feudal
8:57
Castle
21:37
Imperial
—
| APM avg | 65.7 |
| APM peak | 125 |
| eAPM avg | 26.8 |
| Villagers / military | 62 / 47 |
Focus
⚔️ 45.0% · 🌾 55.0%
Archer ×39 · Mangonel ×7 · Battering Ram ×1
Match map
Initial resources + every placement click. Lines = walls · curves = elevation contours. ◆ gold · ⬟ stone · ● berries · ✦ relic · ◌ wall gap
Your base· Open — unwalled flank
DK | MF's base· Open — 6t gap
Smoothed initial terrain · ◌ = detected wall gap · hover for details
Inputs per minute
— Guthrie_Govan - - DK | MF
Build order — Guthrie_Govan
123 actions detected in the replay
| 0:00 | Create | Villager (Male) |
| 0:00 | Create | Villager (Male) |
| 0:00 | Create | Villager (Male) |
| 0:01 | Create | Villager (Male) |
| 0:02 | Build | House |
| 0:03 | Build | House |
| 1:21 | Build | House |
| 1:33 | Create | Villager (Male) |
| 1:58 | Build | Lumber Camp |
| 2:05 | Create | Villager (Male) |
| 2:06 | Create | Villager (Male) |
| 2:26 | Create | Villager (Male) |
| 2:57 | Build | Palisade Wall |
| 3:13 | Create | Villager (Male) |
| 3:34 | Create | Villager (Male) |
| 3:40 | Build | House |
| 3:41 | Build | House |
| 3:44 | Create | Villager (Male) |
| 4:36 | Create | Villager (Male) |
| 4:37 | Create | Villager (Male) |
| 5:12 | Create | Villager (Male) |
| 5:54 | Research | Loom |
| 5:54 | Research | Loom |
| 5:57 | Build | Mill |
| 6:23 | Create | Villager (Male) |
| 6:23 | Create | Villager (Male) |
| 6:23 | Create | Villager (Male) |
| 6:56 | Build | Town Center |
| 7:01 | Build | Palisade Gate |
| 7:08 | Build | Palisade Wall |
| 7:10 | Build | Palisade Wall |
| 7:11 | Build | Palisade Wall |
| 7:54 | Create | Villager (Male) |
| 7:55 | Create | Villager (Male) |
| 7:59 | Create | Villager (Male) |
| 8:14 | Build | Mill |
| 8:21 | Create | Villager (Male) |
| 9:39 | Build | House |
| 9:40 | Build | House |
| 9:44 | Create | Villager (Male) |
| 9:44 | Create | Villager (Male) |
| 10:07 | Create | Villager (Male) |
| 10:07 | Create | Villager (Male) |
| 10:12 | Create | Villager (Male) |
| 11:29 | Research | Feudal Age |
| 11:30 | Research | Feudal Age |
| 11:51 | Build | Mining Camp |
| 12:24 | Build | Mill |
| 12:45 | Build | House |
| 12:51 | Build | House |
| 12:52 | Build | House |
| 12:52 | Build | House |
| 13:39 | Age | Feudal Age |
| 13:42 | Create | Villager (Male) |
| 14:01 | Build | Watch Tower |
| 14:07 | Build | Blacksmith |
| 14:08 | Create | Villager (Male) |
| 14:17 | Research | Double-Bit Axe |
| 14:22 | Build | Watch Tower |
| 14:28 | Create | Villager (Male) |
| 15:11 | Build | Palisade Gate |
| 15:19 | Create | Villager (Male) |
| 15:42 | Research | Fletching |
| 15:42 | Create | Villager (Male) |
| 15:49 | Build | Barracks |
| 16:10 | Create | Villager (Male) |
| 16:33 | Build | Watch Tower |
| 16:55 | Build | Archery Range |
| 16:55 | Create | Villager (Male) |
| 17:14 | Create | Villager (Male) |
| 17:35 | Create | Villager (Male) |
| 17:45 | Create | Archer |
| 17:45 | Create | Archer |
| 18:09 | Create | Villager (Male) |
| 18:10 | Create | Archer |
| 18:14 | Build | Farm |
| 18:30 | Build | Lumber Camp |
| 18:42 | Build | House |
| 18:44 | Create | Villager (Male) |
| 18:48 | Build | Farm |
| 18:52 | Create | Archer |
| 18:54 | Create | Villager (Male) |
| 19:03 | Build | Farm |
| 19:16 | Create | Archer |
| 19:28 | Create | Archer |
| 19:29 | Create | Villager (Male) |
| 19:34 | Build | Farm |
| 19:42 | Create | Archer |
| 19:43 | Create | Villager (Male) |
| 19:52 | Build | Watch Tower |
| 19:57 | Create | Villager (Male) |
| 20:07 | Build | Farm |
| 20:09 | Build | Farm |
| 20:17 | Create | Archer |
| 20:27 | Create | Villager (Male) |
| 20:50 | Build | Watch Tower |
| 21:05 | Create | Archer |
| 21:10 | Build | Watch Tower |
| 21:28 | Create | Villager (Male) |
| 22:11 | Create | Archer |
| 22:12 | Create | Villager (Male) |
| 22:22 | Build | Watch Tower |
| 22:47 | Create | Villager (Male) |
| 22:52 | Build | Watch Tower |
| 23:12 | Build | Market |
| 23:23 | Build | Stone Wall |
| 23:24 | Build | Stone Wall |
| 23:25 | Build | Stone Wall |
| 23:26 | Build | Stone Wall |
| 23:26 | Build | Stone Wall |
| 23:48 | Create | Villager (Male) |
| 23:54 | Build | Farm |
| 24:04 | Build | Watch Tower |
| 24:47 | Build | Watch Tower |
| 24:52 | Create | Villager (Male) |
| 25:21 | Create | Villager (Male) |
| 25:36 | Build | Farm |
| 26:06 | Create | Villager (Male) |
| 26:23 | Build | Watch Tower |
| 28:14 | Create | Villager (Male) |
| 28:18 | Build | Mill |
| 28:28 | Build | Watch Tower |
| 28:44 | Build | Lumber Camp |
Build order — DK | MF
First 150 of 173 actions detected
| 0:00 | Create | Villager (Male) |
| 0:01 | Create | Villager (Male) |
| 0:02 | Build | House |
| 0:03 | Build | House |
| 0:03 | Create | Villager (Male) |
| 0:18 | Create | Villager (Male) |
| 0:18 | Create | Villager (Male) |
| 1:29 | Create | Villager (Male) |
| 1:30 | Create | Villager (Male) |
| 1:41 | Create | Villager (Male) |
| 1:41 | Create | Villager (Male) |
| 2:12 | Build | Lumber Camp |
| 2:20 | Create | Villager (Male) |
| 2:20 | Create | Villager (Male) |
| 2:37 | Create | Villager (Male) |
| 2:37 | Create | Villager (Male) |
| 3:20 | Create | Villager (Male) |
| 3:20 | Create | Villager (Male) |
| 3:21 | Create | Villager (Male) |
| 3:21 | Create | Villager (Male) |
| 3:52 | Create | Villager (Male) |
| 3:52 | Create | Villager (Male) |
| 3:59 | Build | House |
| 4:20 | Create | Villager (Male) |
| 4:21 | Create | Villager (Male) |
| 4:24 | Create | Villager (Male) |
| 4:25 | Create | Villager (Male) |
| 4:51 | Build | Barracks |
| 5:08 | Build | Palisade Wall |
| 5:23 | Create | Villager (Male) |
| 5:23 | Create | Villager (Male) |
| 6:14 | Research | Loom |
| 6:47 | Research | Feudal Age |
| 6:47 | Research | Feudal Age |
| 7:11 | Build | Mining Camp |
| 8:52 | Create | Villager (Male) |
| 8:57 | Age | Feudal Age |
| 8:57 | Build | House |
| 9:02 | Build | Archery Range |
| 9:04 | Create | Villager (Male) |
| 9:27 | Create | Villager (Male) |
| 9:44 | Create | Villager (Male) |
| 10:16 | Build | Town Center |
| 10:22 | Create | Archer |
| 10:23 | Create | Archer |
| 10:28 | Build | House |
| 10:32 | Build | House |
| 10:42 | Build | Palisade Wall |
| 10:47 | Build | Palisade Wall |
| 10:49 | Build | Palisade Wall |
| 11:01 | Create | Villager (Male) |
| 11:02 | Create | Villager (Male) |
| 11:02 | Create | Villager (Male) |
| 11:12 | Create | Villager (Male) |
| 11:40 | Create | Villager (Male) |
| 11:42 | Create | Archer |
| 12:04 | Build | Blacksmith |
| 12:08 | Create | Archer |
| 12:27 | Create | Villager (Male) |
| 12:32 | Research | Double-Bit Axe |
| 12:43 | Create | Archer |
| 12:50 | Research | Fletching |
| 12:50 | Research | Fletching |
| 13:05 | Build | House |
| 13:10 | Create | Villager (Male) |
| 13:23 | Create | Archer |
| 13:35 | Create | Villager (Male) |
| 13:41 | Build | Mill |
| 13:45 | Create | Archer |
| 13:59 | Build | House |
| 14:00 | Create | Villager (Male) |
| 14:15 | Create | Villager (Male) |
| 14:22 | Create | Archer |
| 14:27 | Build | Farm |
| 14:28 | Create | Villager (Male) |
| 14:44 | Build | Farm |
| 14:53 | Build | Lumber Camp |
| 15:00 | Create | Archer |
| 15:06 | Create | Villager (Male) |
| 15:27 | Create | Villager (Male) |
| 16:01 | Build | House |
| 16:38 | Create | Archer |
| 16:45 | Create | Villager (Male) |
| 16:49 | Build | Farm |
| 17:07 | Create | Villager (Male) |
| 17:33 | Build | Market |
| 17:40 | Build | Farm |
| 17:44 | Create | Villager (Male) |
| 18:20 | Create | Villager (Male) |
| 18:23 | Build | Farm |
| 18:36 | Build | House |
| 18:37 | Build | House |
| 18:39 | Build | House |
| 18:57 | Research | Castle Age |
| 18:58 | Research | Castle Age |
| 19:08 | Create | Archer |
| 19:08 | Create | Archer |
| 19:16 | Build | House |
| 19:17 | Build | House |
| 19:54 | Create | Archer |
| 20:07 | Build | Lumber Camp |
| 20:46 | Create | Archer |
| 21:03 | Create | Archer |
| 21:07 | Build | House |
| 21:08 | Build | Palisade Wall |
| 21:08 | Build | Palisade Wall |
| 21:11 | Build | House |
| 21:20 | Build | House |
| 21:25 | Create | Archer |
| 21:35 | Build | House |
| 21:37 | Age | Castle Age |
| 21:43 | Research | Bodkin Arrow |
| 21:48 | Build | Archery Range |
| 21:52 | Create | Villager (Male) |
| 22:03 | Research | Crossbowman (upgrade) |
| 22:03 | Research | Crossbowman (upgrade) |
| 22:04 | Create | Villager (Male) |
| 22:16 | Create | Archer |
| 22:20 | Create | Villager (Male) |
| 22:22 | Build | Farm |
| 22:23 | Build | Farm |
| 22:29 | Build | Siege Workshop |
| 22:35 | Create | Archer |
| 22:36 | Create | Archer |
| 22:45 | Build | Farm |
| 22:45 | Build | Farm |
| 22:55 | Create | Archer |
| 22:55 | Create | Archer |
| 23:12 | Create | Villager (Male) |
| 23:25 | Create | Mangonel |
| 23:42 | Create | Villager (Male) |
| 23:57 | Create | Archer |
| 24:08 | Create | Mangonel |
| 24:15 | Create | Villager (Male) |
| 24:28 | Create | Archer |
| 24:28 | Create | Archer |
| 24:43 | Build | Mining Camp |
| 24:45 | Create | Villager (Male) |
| 24:53 | Create | Archer |
| 25:32 | Create | Archer |
| 25:32 | Create | Archer |
| 25:36 | Create | Archer |
| 25:47 | Create | Archer |
| 26:00 | Create | Mangonel |
| 26:00 | Create | Mangonel |
| 26:04 | Create | Archer |
| 26:04 | Create | Archer |
| 26:14 | Create | Villager (Male) |
| 26:15 | Create | Villager (Male) |
| 26:27 | Create | Archer |
Match timeline
| 2:57 | Guthrie_Govan · wall_segment Palisade Wall x1 |
| 4:51 | DK | MF · first_building Barracks |
| 5:08 | DK | MF · wall_segment Palisade Wall x1 |
| 7:08 | Guthrie_Govan · wall_segment Palisade Wall x1 |
| 7:10 | Guthrie_Govan · wall_segment Palisade Wall x1 |
| 7:11 | Guthrie_Govan · wall_segment Palisade Wall x1 |
| 8:57 | DK | MF · age_up feudal |
| 9:02 | DK | MF · first_building Archery Range |
| 10:42 | DK | MF · wall_segment Palisade Wall x1 |
| 10:47 | DK | MF · wall_segment Palisade Wall x1 |
| 10:49 | DK | MF · wall_segment Palisade Wall x1 |
| 13:39 | Guthrie_Govan · age_up feudal |
| 15:49 | Guthrie_Govan · first_building Barracks |
| 16:55 | Guthrie_Govan · first_building Archery Range |
| 18:29 | DK | MF · first_market_sell 500 stone |
| 18:30 | DK | MF · first_market_buy 500 food |
| 21:08 | DK | MF · wall_segment Palisade Wall x1 |
| 21:08 | DK | MF · wall_segment Palisade Wall x1 |
| 21:37 | DK | MF · age_up castle |
| 22:29 | DK | MF · first_building Siege Workshop |
| 23:23 | Guthrie_Govan · wall_segment Stone Wall x1 |
| 23:24 | Guthrie_Govan · wall_segment Stone Wall x1 |
| 23:25 | Guthrie_Govan · wall_segment Stone Wall x1 |
| 23:26 | Guthrie_Govan · wall_segment Stone Wall x1 |
| 23:26 | Guthrie_Govan · wall_segment Stone Wall x1 |
| 30:30 | Guthrie_Govan · resign |
[ AI ANALYSIS · 1 CREDIT ]
What really happened in this match?
Wolo.gg analyzes every decision: build order, eco, micro, common mistakes by bracket. Personalized analysis on WhatsApp or Discord in 30 seconds.
Civ guide
Mongols
Perfil
Guthrie_Govan